 Dungeon Crawl Stone Soup version 0.17.2-1-ge4368a0 (webtiles) character file.

83386 Goblin1989 the Fetichist (level 15, -2/140 HPs)
             Began as a Deep Dwarf Gladiator on Sept 24, 2016.
             Was the Champion of Makhleb.
             Slain by a swamp worm (13 damage)
             ... on level 1 of the Swamp.
             The game lasted 01:29:53 (20049 turns).

Goblin1989 the Fetichist (Deep Dwarf Gladiator)    Turns: 20049, Time: 01:29:54

Health: -2/140     AC:  0    Str: 26    XL:     15   Next: 32%
Magic:  13/13      EV: 13    Int:  7    God:    Makhleb [******]
Gold:   2025       SH:  0    Dex: 16    Spells: 1 memorised, 13 levels left

rFire  + . .     SeeInvis +     b - +1 battleaxe (flame)
rCold  + . .     Clarity  .     L - +2 plate armour {rPois}
rNeg   + + .     SustAt   .     (shield currently unavailable)
rPois  +         Gourm    .     c - +0 helmet
rElec  .         Spirit   .     U - +0 cloak of Quantum Leap {rN+ Str+2 Dex+3}
rCorr  .         Warding  .     M - +0 pair of gloves
rMut   +         Stasis   .     H - +0 pair of boots
MR     ++...                    t - amulet "Hupijiso" {rMut rC+ Int-3 Slay+5 Stlth+}
Stlth  ..........               Q - ring of protection from fire
                                p - ring of see invisible

@: corroded equipment, non-regenerating, very resistant to hostile enchantments,
extremely unstealthy
A: damage resistance, recharge devices, negative energy resistance 1, sense
surroundings 2, slow regeneration 3
a: Device Recharging, Minor Destruction, Lesser Servant of Makhleb, Major
Destruction, Greater Servant of Makhleb, Renounce Religion


You were on level 1 of the Swamp.
You worshipped Makhleb.
Makhleb was exalted by your worship.
You were not hungry.

You visited 4 branches of the dungeon, and saw 24 of its levels.
You also visited: Labyrinth, Ice Cave and Volcano.

You collected 3331 gold pieces.
You spent 1306 gold pieces at shops.

Inventory:

Hand Weapons
 a - the +0 battleaxe of Lumuw {holy, -Tele Str+3 Dex+10}
   (You acquired it on level 4 of the Lair of Beasts)

   It has been blessed by the Shining One to cause great damage to the undead
   and demons.
   It affects your strength (+3).
   It affects your dexterity (+10).
   It prevents most forms of teleportation.
 b - a +1 battleaxe of flaming (weapon)
 y - a +3 executioner's axe of flaming
Armour
 c - a +0 helmet (worn)
 H - a +0 pair of boots (worn)
 L - a +2 plate armour of poison resistance (worn)
 M - a +0 pair of gloves (worn)
 U - the +0 cloak of Quantum Leap (worn) {rN+ Str+2 Dex+3}
   (You acquired it on level 5 of the Lair of Beasts)

   It affects your strength (+2).
   It affects your dexterity (+3).
   It protects you from negative energy.
Rods
 W - a +4 rod of destruction (14/14)
   (You found it in a labyrinth)
Jewellery
 p - a ring of see invisible (left hand)
 t - the amulet "Hupijiso" (around neck) {rMut rC+ Int-3 Slay+5 Stlth+}
   (You bought it in a shop on level 4 of the Orcish Mines)

   [amulet of resist mutation]

   It protects you from mutation.
   It affects your intelligence (-3).
   It affects your accuracy and damage with ranged weapons and melee attacks
   (+5).
   It protects you from cold.
   It makes you more stealthy.
 v - an uncursed ring of protection from cold
 G - a +3 ring of strength
 Q - a ring of protection from fire (right hand)
 X - an uncursed ring of poison resistance {unknown}
Wands
 d - a wand of teleportation (3)
 e - a wand of heal wounds (1) (quivered)
 l - a wand of heal wounds (0)
Scrolls
 g - 6 scrolls of recharging
 h - a scroll of magic mapping
 k - a scroll of fear
 r - 26 scrolls of remove curse
 u - 3 scrolls of immolation
 w - 9 scrolls of fog
 z - 6 scrolls of enchant armour
 J - 6 scrolls of teleportation
 R - 2 scrolls of identify
Potions
 o - a potion of cure mutation
 q - 3 potions of flight
 x - a potion of ambrosia
 A - 7 potions of heal wounds
 B - 6 potions of curing
 C - 7 potions of brilliance
 E - 3 potions of cancellation
 K - 3 potions of resistance
 T - 2 potions of invisibility
Miscellaneous
 n - a box of beasts {used: 7}
Comestibles
 f - 12 bread rations
 i - 12 beef jerkies
 j - 10 meat rations
 F - 11 slices of pizza
 I - 13 royal jellies
 P - 25 fruits


   Skills:
 - Level 10.7 Fighting
 * Level 15.3 Axes
 - Level 1.7 Throwing
 - Level 12.1 Armour
 + Level 10.5 Dodging
 + Level 4.4 Invocations
 - Level 18.0 Evocations


You had 13 spell levels left.
You knew the following spells:

 Your Spells              Type           Power        Failure   Level  Hunger
a - Apportation           Tloc           #.........   100%        1    ##.....


Dungeon Overview and Level Annotations

Branches:
Dungeon (11/15)            Temple (0/1) D:6            Lair (8/8) D:10
  Swamp (1/4) Lair:3        Snake (0/4) Lair:3        Slime (0/6) Lair:8
    Orc (4/4) D:9             Elf (0/3) Orc:3

Altars:
Cheibriados
Fedhas
Gozag
Makhleb
Nemelex Xobeh
Sif Muna
Trog
Vehumet
Xom
Zin
The Shining One
Beogh
Jiyva

Shops:
D:7 }   D:9 [   Orc:4 [*(=

Annotations:
Lair:8 1 runed door
Swamp:1 Frances


Innate Abilities, Weirdness & Mutations

You are resistant to damage.
You can recharge devices by infusing magical energy.
You resist negative energy.
You passively map the area around you.
You do not regenerate naturally.


Message History

You feel much better.
This wand has 2 charges left.
The swamp worm bites you. Frances misses you. The ice devil hits you!
* * * LOW HITPOINT WARNING * * *
The ice devil freezes you! You resist.
* * * LOW HITPOINT WARNING * * *
The swamp worm misses you. The rust devil hits you.
The rust devil corrodes you!
Your elder firebat beast breathes flames at Frances.
The blast of flame hits Frances.
You regained 10 hp, and now have 21/140 hp.
Evoke which item? (* to show all) (? for menu, Esc to quit)
Zapping:
e - a wand of heal wounds (2)
Press: ? - help, Shift-Dir - straight line, f - you You feel much better.
This wand has 1 charge left.
Frances hits your elder firebat beast with a dire flail of pain!
Your elder firebat beast writhes in agony.
The giant leech bites you!!
* * * LOW HITPOINT WARNING * * *
The swamp worm bites you!
You die...

♣♣ * ♣.♣♣♣♣♣♣♣.♣ *
,......≈≈≈., **
♣♣♣♣♣♣♣♣≈.≈≈≈.....≈
♣♣≈.≈♣≈.♣♣.≈≈≈.....≈
, ≈
♣.≈.......≈≈≈≈....≈≈
≈ ≈
♣♣.......≈≈≈≈≈≈.$...
,
♣≈..≈...≈≈≈.w..♣.≈≈≈
,
♣♣≈≈<.≈..≈≈.4@....≈≈.
, ,
♣.≈≈.≈..≈≈≈≈w@3≈≈.≈≈.
* ,
♣♣...♣..≈≈≈≈H4≈≈≈....
♣♣♣♣≈.≈≈≈.....≈≈...≈≈
*** *
♣.≈≈≈≈....≈≈≈.... , *
...≈≈≈≈≈≈..≈≈≈>≈≈. *
*≈...≈≈≈≈≈≈≈....♣♣♣.
* ♣♣♣.≈≈≈≈≈≈≈...)♣♣
** * ♣.≈≈≈≈≈3.... ,


You could see Frances, a giant leech, an ice devil, 2 rust devils, a swamp worm
and a friendly elder firebat beast.

Vanquished Creatures
  Maud (Lair:8)
  An orc warlord (Orc:4)
  2 hydras
  The ghost of jazmu the Protected, a journeyman GrAM of Makhleb (Lair:2)
  6 death yaks
  2 orc high priests
  A deep elf knight (Volcano)
  2 unseen horrors
  A fire crab (Lair:6)
  7 orc knights
  Pikel (D:7)
  A hill giant (D:10)
  4 orc sorcerers
  2 lindwurms
  A griffon (Lair:3)
  An ugly thing (D:10)
  A centaur zombie (D:10)
  4 black mambas
  15 elephants
  14 spiny frogs
  2 molten gargoyles (Volcano)
  11 torpor snails
  3 ice statues (IceCv)
  3 trolls
  2 deep elf priests (Volcano)
  11 komodo dragons
  2 fire drakes
  9 polar bears
  6 giant leeches
  Grinder (D:3)
  10 blink frogs
  2 boulder beetles
  2 raiju (Lair:8)
  2 trapdoor spiders (Lab)
  A hog (D:7)
  54 yaks
  3 spriggans (Lair:2)
  A deep elf mage (D:11)
  A wyvern (D:10)
  A human (D:7)
  Eustachio (D:5)
  3 basilisks
  20 wolves
  A steam dragon (D:9)
  9 hippogriffs
  A naga (Lair:3)
  14 wargs
  17 water moccasins
  46 orc warriors
  An eye of draining (D:11)
  3 hell hounds (Lair:8)
  2 slaves (D:7)
  15 porcupines
  2 phantoms
  15 black bears
  10 ogres
  9 ice beasts
  4 wasps (Lair:8)
  A sky beast (D:6)
  A necrophage (D:8)
  6 centaurs
  16 crocodiles
  3 big kobolds
  18 giant frogs
  3 brain worms (Lair:8)
  2 scorpions
  A wyvern skeleton (D:10)
  13 killer bees
  4 wights (D:8)
  3 crimson imps
  An electric eel (Lair:3)
  32 orc wizards
  2 lava snakes (Volcano)
  34 orc priests
  16 hounds
  A giant frog zombie (D:5)
  Crazy Yiuf (D:3)
  A gnoll shaman (D:8)
  3 jellies
  A giant frog skeleton (D:9)
  10 iguanas
  A quasit (D:11)
  A centaur skeleton (D:8)
  11 worker ants
  7 hell rats (Lair:8)
  A killer bee zombie (D:9)
  35 sheep
  A hound zombie (D:10)
  32 river rats
  2 shadow imps
  9 adders
  14 gnolls
  12 white imps (Lair:4)
  An ooze (D:1)
  21 worms
  2 giant geckos
  185 orcs
  4 ball pythons
  7 bats
  11 giant cockroaches
  10 hobgoblins
  18 jackals
  2 giant gecko skeletons (D:4)
  6 giant newts
  8 goblins
  24 kobolds
  8 quokkas
  A quokka skeleton (D:7)
  5 rats
  11 fungi
  5 plants
996 creatures vanquished.

Vanquished Creatures (collateral kills)
  2 orc warlords
  Snorg (Orc:3)
  A minotaur (Lab)
  2 deep elf priests (Volcano)
  A deep elf fighter (Volcano)
  2 orc warriors (Orc:3)
  An orc wizard (Orc:4)
  2 orcs
12 creatures vanquished.

Vanquished Creatures (others)
  A swamp drake (D:9)
  3 sheep
  8 fungi
  14 plants
26 creatures vanquished.

Grand Total: 1034 creatures vanquished

Notes
Turn   | Place    | Note
--------------------------------------------------------------
     0 | D:1      | Goblin1989 the Deep Dwarf Gladiator began the quest for the Orb.
     0 | D:1      | Reached XP level 1. HP: 19/19 MP: 1/1
    47 | D:1      | Reached XP level 2. HP: 21/26 MP: 2/2
    79 | D:1      | Reached skill level 1 in Evocations
   145 | D:1      | Reached skill level 4 in Axes
   479 | D:1      | Reached XP level 3. HP: 29/32 MP: 2/4
   483 | D:1      | Found a glowing golden altar of the Shining One.
   878 | D:2      | Found a deep blue altar of Sif Muna.
   913 | D:2      | Reached skill level 5 in Axes
   913 | D:2      | Reached XP level 4. HP: 24/39 MP: 5/5
  1661 | D:3      | Noticed Crazy Yiuf
  1669 | D:3      | Killed Crazy Yiuf
  1669 | D:3      | Reached XP level 5. HP: 30/45 MP: 7/7
  1718 | D:3      | crauler: >33 dam
  1718 | D:3      | crauler: shrekt
  1954 | D:3      | Reached skill level 6 in Axes
  1975 | D:3      | Noticed Grinder
  1982 | D:3      | Paralysed by Grinder for 6 turns
  2003 | D:3      | Killed Grinder
  2003 | D:3      | Reached skill level 7 in Axes
  2003 | D:3      | Reached XP level 6. HP: 52/52 MP: 7/9
  2583 | D:4      | Found a burning altar of Makhleb.
  2583 | D:4      | Found a shimmering altar of Xom.
  2594 | D:4      | Became a worshipper of Makhleb the Destroyer
  2665 | D:4      | Reached skill level 5 in Evocations
  2665 | D:4      | Reached XP level 7. HP: 37/58 MP: 10/10
  2982 | D:4      | Found a sparkling altar of Nemelex Xobeh.
  2982 | D:4      | Found an opulent altar of Gozag.
  3327 | D:5      | Entered Level 5 of the Dungeon
  3331 | D:5      | Reached skill level 8 in Axes
  3408 | D:5      | Reached * piety under Makhleb
  3412 | D:5      | Noticed Eustachio
  3450 | D:5      | Killed Eustachio
  3478 | D:5      | Noticed a yak
  3478 | D:5      | Noticed a yak
  3478 | D:5      | Noticed a yak
  3518 | D:5      | Killed a yak
  3518 | D:5      | Reached skill level 9 in Axes
  3518 | D:5      | Reached XP level 8. HP: 66/66 MP: 11/11
  3522 | D:5      | Killed a yak
  3532 | D:5      | Killed a yak
  3717 | D:5      | Reached skill level 10 in Axes
  4113 | D:6      | Found a staircase to the Ecumenical Temple.
  4219 | D:6      | Gained mutation: You passively map the area around you. [Deep Dwarf growth]
  4219 | D:6      | Reached XP level 9. HP: 47/78 MP: 12/12
  4224 | D:6      | Reached ** piety under Makhleb
  4591 | D:7      | Found a bloodstained altar of Trog.
  4954 | D:7      | Reached skill level 5 in Fighting
  4964 | D:7      | Found Utonuerr's Gadget Emporium.
  5131 | D:7      | Noticed Pikel
  5144 | D:7      | Killed Pikel
  5299 | D:7      | Reached *** piety under Makhleb
  5302 | D:7      | Reached skill level 10 in Evocations
  5478 | D:7      | You fall through a shaft for 2 floors!
  5478 | D:9      | Found a staircase to the Orcish Mines.
  5500 | D:9      | Reached XP level 10. HP: 76/94 MP: 14/14
  5679 | D:9      | crauler: The requested URL /scoring/players/louisferdinandceline.html was not found on this server.
  5698 | D:9      | crauler: da fuq
  5701 | D:9      | Found a glowing silver altar of Zin.
  5703 | D:9      | Found a blossoming altar of Fedhas.
  6098 | D:8      | Reached **** piety under Makhleb
  6410 | D:8      | Reached skill level 11 in Evocations
  7387 | D:9      | Found Otuady's Armour Shoppe.
  7390 | D:9      | Bought a +1 plate armour of poison resistance for 448 gold pieces
  7686 | D:10     | Entered Level 10 of the Dungeon
  7852 | D:10     | Reached skill level 12 in Evocations
  7888 | D:10     | Noticed an unseen horror
  7907 | D:10     | Killed an unseen horror
  7907 | D:10     | Reached skill level 10 in Fighting
  7946 | D:10     | Found a staircase to the Lair.
  7969 | D:10     | Reached XP level 11. HP: 60/108 MP: 16/16
  8009 | D:10     | Reached ***** piety under Makhleb
  8357 | D:10     | Noticed a hill giant
  8365 | D:10     | Killed a hill giant
  8508 | Lair:1   | Entered Level 1 of the Lair of Beasts
  8629 | Lair:1   | Reached skill level 1 in Armour
  8739 | Lair:1   | Reached skill level 13 in Evocations
  9043 | Lair:1   | Reached skill level 5 in Armour
  9380 | Lair:2   | Noticed jazmu's ghost (journeyman GrAM)
  9424 | Lair:2   | Killed jazmu's ghost
  9473 | Lair:2   | Reached XP level 12. HP: 81/118 MP: 15/15
  9659 | Lair:2   | Reached skill level 14 in Evocations
 10186 | Lair:3   | Found a staircase to the Snake Pit.
 10385 | Lair:3   | Reached ****** piety under Makhleb
 10405 | Lair:3   | LouisFerdinandCeline: lol
 10472 | Lair:3   | Reached skill level 10 in Armour
 10812 | Lair:3   | Found a staircase to the Swamp.
 11124 | Lair:4   | Identified a scroll of acquirement
 11127 | Lair:4   | Got a fine battleaxe
 11128 | Lair:4   | Identified the +0 battleaxe of Lumuw {holy, -Tele Str+3 Dex+10} (You acquired it on level 4 of the Lair of Beasts)
 11158 | Lair:4   | Reached skill level 15 in Evocations
 11217 | Lair:4   | Found a frozen archway.
 11238 | Lair:4   | Goblin1989: af
 11288 | IceCv    | Entered an ice cave
 11747 | Lair:4   | Noticed a four-headed hydra
 11760 | Lair:4   | Killed a one-headed hydra
 11760 | Lair:4   | Reached XP level 13. HP: 124/124 MP: 14/14
 12517 | Lair:5   | Reached skill level 5 in Dodging
 12529 | Lair:5   | Got a shimmering cloak
 12540 | Lair:5   | Identified the +0 cloak of Quantum Leap {rN+ Str+2 Dex+3} (You acquired it on level 5 of the Lair of Beasts)
 13038 | Lair:6   | Reached skill level 16 in Evocations
 14149 | Lair:7   | Found a snail-covered altar of Cheibriados.
 14401 | Lair:8   | Entered Level 8 of the Lair of Beasts
 14402 | Lair:8   | Noticed Maud
 14418 | Lair:8   | Killed Maud
 14423 | Lair:8   | Gained mutation: You resist negative energy. [Deep Dwarf growth]
 14423 | Lair:8   | Reached XP level 14. HP: 133/133 MP: 16/16
 14510 | Lair:8   | Reached skill level 17 in Evocations
 14515 | Lair:8   | Found a staircase to the Slime Pits.
 14518 | Lair:8   | Found a viscous altar of Jiyva.
 14596 | Lair:8   | Found a runed door.
 15759 | Orc:1    | Entered Level 1 of the Orcish Mines
 16040 | Orc:2    | Found a dark tunnel.
 16044 | Volcano  | Entered a volcano
 16435 | Volcano  | Found a burning altar of Makhleb.
 16786 | Orc:1    | Found a radiant altar of Vehumet.
 17414 | Orc:3    | Found a staircase to the Elven Halls.
 17435 | Orc:3    | Noticed Snorg
 17440 | Orc:3    | Killed Snorg
 17568 | Orc:3    | Noticed an orc warlord
 17591 | Orc:3    | Killed an orc warlord
 17882 | Orc:3    | Found a roughly hewn altar of Beogh.
 17906 | Orc:3    | Reached skill level 18 in Evocations
 18211 | Orc:4    | Entered Level 4 of the Orcish Mines
 18213 | Orc:4    | Noticed an orc warlord
 18231 | Orc:4    | Reached skill level 1 in Invocations
 18235 | Orc:4    | Killed an orc warlord
 18235 | Orc:4    | Reached XP level 15. HP: 108/140 MP: 18/18
 18274 | Orc:4    | Reached skill level 10 in Dodging
 18278 | Orc:4    | Found a labyrinth entrance.
 18282 | Lab      | Entered a labyrinth
 18462 | Lab      | Identified Kikubaaqudgha's Papyrus of Unholy Secrets
 18476 | Lab      | Learned a level 1 spell: Apportation
 18478 | Lab      | Identified a +4 rod of destruction (14/14) (You found it in a labyrinth)
 18492 | Orc:4    | Paralysed by an orc sorcerer for 3 turns
 18512 | Orc:4    | Reached skill level 15 in Axes
 18529 | Orc:4    | Found Osaomuph's Antique Weapon Shop.
 18669 | Orc:4    | Noticed an orc warlord
 18678 | Orc:4    | Killed an orc warlord
 18711 | Orc:4    | Found Dogoahux's General Store.
 18821 | Orc:4    | Found Wamnail's Jewellery Boutique.
 18845 | Orc:4    | Bought the amulet "Hupijiso" {rMut rC+ Int-3 Slay+5 Stlth+} for 858 gold pieces
 18950 | Orc:4    | Found Abiliaqa's Antique Armour Shoppe.
 19915 | Swamp:1  | Entered Level 1 of the Swamp
 19917 | Swamp:1  | Noticed Frances
 20049 | Swamp:1  | Slain by a swamp worm

Action                   |  1- 3 |  4- 6 |  7- 9 | 10-12 | 13-15 || total
-------------------------+-------+-------+-------+-------+-------++-------
Melee: War axe           |   119 |   154 |   465 |    51 |       ||   789
       Battleaxe         |       |       |       |   712 |  1221 ||  1933
 Abil: Device Recharging |       |       |     3 |     7 |     5 ||    15
Evoke: Wand              |     1 |     3 |    22 |    47 |    24 ||    97
       Box of beasts     |       |       |       |       |     7 ||     7
  Use: Potion            |       |     4 |     4 |     1 |     3 ||    12
       Scroll            |       |       |     5 |    17 |    14 ||    36
 Stab: Invisible         |       |       |     7 |       |       ||     7
       Confused          |       |       |       |     1 |       ||     1
       Distracted        |       |       |       |       |     1 ||     1
  Eat: Chunk             |       |     6 |    10 |    18 |    26 ||    60
       Fruit             |       |       |       |     2 |       ||     2
       Royal jelly       |       |       |       |     1 |       ||     1
       Beef jerky        |       |       |       |       |     2 ||     2
